 Dungeon Crawl Stone Soup version 0.28-a0-1447-ga5a8893891 (webtiles) character file.

Game seed: 9585415803286840036

1962 cheechan the Digger (level 9, -9/73 HPs)
             Began as a Naga Earth Elementalist on Jan 10, 2022.
             Was a Follower of Vehumet.
             Killed from afar by an electric eel (10 damage)
             ... with a bolt of electricity
             ... on level 5 of the Dungeon on Jan 11, 2022.
             The game lasted 00:31:02 (5141 turns).

cheechan the Digger (Naga Earth Elementalist)       Turns: 5141, Time: 00:31:02

Health: -9/73      AC:  6    Str: 11    XL:     9   Next: 19%
Magic:  10/18      EV: 10    Int: 26    God:    Vehumet [*.....]
Gold:   213        SH:  4    Dex: 11    Spells: 9/20 levels left

rFire   + + +      SeeInvis +   s - +7 war axe of Bloodstone {vorpal, *Rage rF++ rC+ Int+4}
rCold   . . .      Faith    +   (no shield)
rNeg    . . .      Spirit   .   b - +1 robe
rPois   +          Reflect  .   (no helmet)
rElec   .          Harm     .   (no cloak)
rCorr   .          Rampage  .   o - +0 pair of gloves
Will    +....      Rage     20% (no barding)
Stlth   +++.......              p - amulet of faith
HPRegen 0.22/turn               e - ring of fire
MPRegen 0.16/turn               g - ring of wizardry

@: very slow
A: AC +3, large, see invisible, deformed body, poison resistance, slowness 2,
spit poison 1, naga tail 1, large bone plates 1, clever 1, passive freeze, sense
surroundings 1
a: Spit Poison, Renounce Religion


You were on level 5 of the Dungeon.
You worshipped Vehumet.
Vehumet was aware of your devotion.
You visited 2 branches of the dungeon, and saw 6 of its levels.

You collected 213 gold pieces.

Inventory:

Hand Weapons
 s - the +7 war axe of Bloodstone (weapon) {vorpal, *Rage rF++ rC+ Int+4}
   (You found it on level 5 of the Dungeon)

   It inflicts extra damage upon your enemies.
   Int:       It affects your intelligence (+4).
   rF:        It greatly protects you from fire.
   rC:        It protects you from cold.
   *Rage:     It berserks you when you make melee attacks (+20% chance).
Missiles
 c - 79 stones
 l - 34 arrows
 n - 20 bolts
Armour
 b - a +1 robe (worn)
 o - a +0 pair of gloves (worn)
 u - an orb of mayhem
Jewellery
 e - a ring of fire (left hand)
 g - a ring of wizardry (right hand)
 i - a ring of ice
 k - an amulet of regeneration
 p - an amulet of faith (around neck)
 q - a ring of protection from fire
Wands
 d - a wand of polymorph (5)
Scrolls
 h - a scroll of fog
Potions
 a - a potion of flight {unknown}
 f - 2 potions of curing
 j - a potion of resistance
 m - a potion of lignification
 r - 2 potions of magic {unknown}
 t - a potion of might {unknown}


   Skills:
 + Level 1.8 Fighting
 + Level 2.6(3.0) Axes
 + Level 2.0(2.7) Maces & Flails
 + Level 2.5 Dodging
 + Level 6.1 Stealth
 + Level 1.1 Shields
 + Level 6.0 Spellcasting
 + Level 3.8 Conjurations
 + Level 1.0 Transmutations
 + Level 0.8 Fire Magic
 + Level 6.9 Earth Magic


You had 9 spell levels left.
You knew the following spells:

 Your Spells              Type           Power      Damage    Failure   Level
a - Stone Arrow           Conj/Erth      70%        3d11      1%          3
b - Passwall              Tmut/Erth      23%        N/A       1%          2
c - Sandblast             Erth           88%        2d18      1%          1
d - Foxfire               Conj/Fire      100%       2x1d9     1%          1
e - Petrify               Tmut/Erth      28%        N/A       5%          4

Your spell library contained the following spells:

 Spells                   Type           Power      Damage    Failure   Level
 Animate Dead             Necr           3%         N/A       26%         4
 Haunt                    Necr/Summ      3%         N/A       100%        7
 Infestation              Necr           3%         N/A       100%        8


Dungeon Overview and Level Annotations

Branches:
Dungeon (5/15)             Temple (1/1) D:4

Altars:
Ashenzari
Cheibriados
Dithmenos
Gozag
Kikubaaqudgha
Makhleb
Okawaru
Ru
Trog
Vehumet
Wu Jian
Xom
Zin
The Shining One


Innate Abilities, Weirdness & Mutations

Your serpentine skin is tough. (AC +3)
You have supernaturally acute eyesight. (SInv)
Armour fits poorly on your strangely shaped body.
Your system is resistant to poisons. (rPois)
You cover ground very slowly.
You can spit poison.
You have a snake-like lower body.
You are partially covered in large bone plates. (SH +4)
Your mind is acute. (Int +2)
A frigid envelope surrounds you and freezes all who hurt you.
You passively map a small area around you.


Message History

Aim: an electric eel (water, asleep, 100% to hit)
The stone arrow hits the electric eel!
You kill the electric eel!
Vehumet accepts your kill.
You feel your power returning.
The electric eel shoots out a bolt of lightning at you!
The bolt of electricity hits the plant!
The plant begins to die.
The bolt of electricity hits the plant!
The plant begins to die.
The bolt of electricity hits you!
The electric eel shoots out a bolt of lightning at you!
The bolt of electricity misses you. The bolt of electricity hits you!
The electric eel shoots out a bolt of lightning at you!
The bolt of electricity hits the electric eel.
The electric eel completely resists.
The bolt of electricity hits you. The bolt of electricity hits you!
The electric eel shoots out a bolt of lightning at you!
The bolt of electricity hits you.
Casting: Stone Arrow (safe; 1% risk of failure)
Confirm with . or Enter, or press ? or * to list all spells.
Aiming: Stone Arrow (safe; 1% risk of failure)
Press: ? - help, Shift-Dir - straight line, f - electric eel
Aim: an electric eel (57% to hit)
The stone arrow misses the electric eel.
The electric eel shoots out a bolt of lightning at you!
The bolt of electricity misses you. The bolt of electricity hits you!
* * * LOW HITPOINT WARNING * * *
Casting: Stone Arrow (safe; 1% risk of failure)
Confirm with . or Enter, or press ? or * to list all spells.
Aiming: Stone Arrow (safe; 1% risk of failure)
Press: ? - help, Shift-Dir - straight line, f/p - electric eel
Aim: an electric eel (water, 57% to hit)
The stone arrow misses the electric eel.
The electric eel shoots out a bolt of lightning at you!
The bolt of electricity hits you!
* * * LOW HITPOINT WARNING * * *
The electric eel shoots out a bolt of lightning at you!
The bolt of electricity hits you!
* * * LOW HITPOINT WARNING * * *
The bolt of electricity hits you!
You die...

..............#### ##...## ##
...>.......##...########.....####
#...........##..'..)≈##........##
##..........###.#####≈######...#.
##........## ###≈≈≈##≈....##....
#.......## #≈≈.SS######.##..# #
#.##...## #$≈≈.?##≈≈≈##≈#..#
###.###### #).PP$#≈≈.≈≈#≈#...
.#.## #@P.P≈#...≈.#≈#... ...#
#.....#≈≈.≈.#≈#... ...#
#.....#≈P.≈.#.###. ...##
###'..##.....#.# # ....#
#..#####.....#.# ....##
##..≈≈≈##'..##.# .....#
#####≈..####.## .....#
###...≈≈###### ######
#########...


You could see 2 electric eels.

Vanquished Creatures
  Eustachio (D:4)
  A vampire mosquito (D:5)
  Menkaure (D:4)
  Edmund (D:4)
  The ghost of Foxy the Poker, an amateur OgGl of Okawaru (D:5)
  A sky beast (D:4)
  3 ogres
  A phantom (D:5)
  2 scorpions
  A water moccasin zombie (D:5)
  A hornet simulacrum (D:5)
  4 electric eels (D:5)
  A hound (D:5)
  2 bullfrog zombies (D:5)
  2 jellies (D:5)
  3 orc priests
  2 iguanas
  2 orc wizards
  2 bullfrog simulacra (D:5)
  A centaur simulacrum (D:5)
  2 hound skeletons (D:5)
  8 adders
  A white imp (D:5)
  An adder skeleton (D:4)
  2 worms (D:4)
  2 dart slugs
  5 orcs
  9 ball pythons
  11 bats
  4 endoplasms (D:1)
  2 giant cockroaches
  8 goblins
  4 hobgoblins
  2 jackals (D:2)
  4 quokkas
  A frilled lizard (D:1)
  A kobold (D:1)
  6 rats
106 creatures vanquished.

Vanquished Creatures (others)
  6 foxfires (D:5)
  2 plants (D:5)
8 creatures vanquished.

Grand Total: 114 creatures vanquished

Notes
Turn   | Place    | Note
-------+----------+-------------------------------------------
     0 | D:1      | cheechan the Naga Earth Elementalist began the quest for
                  | the Orb.
     0 | D:1      | Reached XP level 1. HP: 15/15 MP: 3/3
   148 | D:1      | Reached XP level 2. HP: 22/22 MP: 3/5
   256 | D:1      | Learned a level 2 spell: Passwall
   576 | D:1      | Reached XP level 3. HP: 23/28 MP: 1/6
   697 | D:2      | Gained mutation: You passively map a small area around you.
                  | [potion of mutation]
   697 | D:2      | Gained mutation: You are partially covered in large bone
                  | plates. (SH +4) [potion of mutation]
   697 | D:2      | Gained mutation: Your mind is acute. (Int +2) [potion of
                  | mutation]
   697 | D:2      | Gained mutation: A frigid envelope surrounds you and
                  | freezes all who hurt you. [potion of mutation]
   951 | D:2      | Found a faded altar of an unknown god.
   957 | D:2      | Reached XP level 4. HP: 36/36 MP: 5/7
  1147 | D:2      | Learned a level 3 spell: Stone Arrow
  1572 | D:3      | Found an ornate altar of the Wu Jian Council.
  1573 | D:3      | Noticed a scorpion
  1576 | D:3      | Killed a scorpion
  1577 | D:3      | Reached skill level 1 in Axes
  1577 | D:3      | Reached XP level 5. HP: 43/43 MP: 5/9
  1815 | D:3      | Found a burning altar of Makhleb.
  1951 | D:4      | Noticed an ogre
  1955 | D:4      | Killed an ogre
  1956 | D:4      | Reached XP level 6. HP: 31/50 MP: 6/11
  2169 | D:4      | Reached skill level 1 in Fighting
  2238 | D:4      | Found a staircase to the Ecumenical Temple.
  2244 | Temple   | Entered the Ecumenical Temple
  2602 | Temple   | Became a worshipper of Vehumet
  2665 | D:4      | Noticed Menkaure
  2674 | D:4      | Killed Menkaure
  2675 | D:4      | Reached skill level 1 in Conjurations
  2675 | D:4      | Reached skill level 5 in Earth Magic
  2921 | D:4      | Noticed Edmund
  2924 | D:4      | Reached XP level 7. HP: 57/57 MP: 6/13
  2926 | D:4      | Killed Edmund
  3448 | D:4      | Noticed Eustachio
  3452 | D:4      | Killed Eustachio
  3490 | D:5      | Entered Level 5 of the Dungeon
  3508 | D:5      | Found a runed translucent gate.
  3508 | D:5      | Found a runed translucent gate.
  3508 | D:5      | Found a runed translucent gate.
  3522 | D:5      | Reached XP level 8. HP: 56/64 MP: 5/15
  3542 | D:5      | Reached skill level 5 in Stealth
  3542 | D:5      | Reached skill level 5 in Spellcasting
  3560 | D:5      | Noticed Foxy's ghost (amateur OgGl)
  3575 | D:5      | Reached skill level 1 in Shields
  3610 | D:5      | Reached * piety under Vehumet
  3610 | D:5      | Offered knowledge of Foxfire by Vehumet.
  3709 | D:5      | Learned a level 1 spell: Foxfire
  3714 | D:5      | Learned a level 4 spell: Petrify
  3725 | D:5      | Killed Foxy's ghost
  4568 | D:5      | Found an iron altar of Okawaru.
  4642 | D:5      | Identified the +7 war axe of Bloodstone {vorpal, *Rage rF++
                  | rC+ Int+4}
  4679 | D:5      | Reached skill level 1 in Maces & Flails
  4788 | D:5      | Reached XP level 9. HP: 73/73 MP: 11/17
  5141 | D:5      | HP: 1/73 [electric eel/bolt of electricity (9)]
  5141 | D:5      | Killed from afar by an electric eel

Illustrated notes

Levels and vault maps discovered:
D:1:      erik_arrival_orb_chamber, layout_loops_ring
D:2:      layout_basic, hellmonk_ecumenical_altar_dog_temple
D:3:      layout_rooms, mainiacjoe_overflow_tiny_flanked,
          mainiacjoe_overflow_boulevard
D:4:      layout_loops_corners, minmay_temple_entry_enclosed_plants,
          uniq_menkaure, uniq_edmund, uniq_eustachio
D:5:      cheibrodos_two_vegetables, layout_cave_pods,
          kennysheep_okawaru_gauntlet, gammafunk_ghost_icy
Temple:   minmay_temple_curvy_loop

Skill      XL: |  1  2  3  4  5  6  7  8  9 |
---------------+----------------------------+-----
Axes           | 1 2 |  2.6
Spellcasting   | 3 4 5 6 |  6.0
Earth Magic    | 4 5 6 |  6.9
Dodging        | 2 |  2.5
Fighting       | 1 |  1.8
Conjurations   | 1 2 3 |  3.8
Stealth        | 4 5 6 |  6.1
Shields        | 1 |  1.1
Maces & Flails | 1 2 |  2.0
Transmutations | |  1.0
Fire Magic     | |  0.8

Action                   |  1- 3 |  4- 6 |  7- 9 || total
-------------------------+-------+-------+-------++-------
Melee: Hand axe          |    16 |     7 |     9 ||    32
       Punch             |     1 |       |       ||     1
       Flail             |       |       |    22 ||    22
       War axe           |       |       |     4 ||     4
 Cast: Sandblast         |    27 |     8 |     3 ||    38
       Stone Arrow       |       |    26 |    59 ||    85
       Foxfire           |       |       |     3 ||     3
       Passwall          |       |       |     1 ||     1
 Abil: Spit Poison       |     8 |     7 |    10 ||    25
  Use: Scroll            |     4 |     8 |     3 ||    15
       Potion            |     1 |       |     3 ||     4
 Stab: Sleeping          |       |       |     2 ||     2
Armor: Robe              |     4 |     6 |    19 ||    29
       Skin              |       |       |    40 ||    40
Dodge: Dodged            |    13 |    12 |    38 ||    63
Block: Other             |     2 |     1 |     8 ||    11

Table legend: (Time is in decaauts)
 A = Elapsed time spent in this place.
 B = Non-inter-level travel time spent in this place.
 C = Inter-level travel time spent in this place.
 D = Time resting spent in this place.
 E = Time spent auto-exploring this place.
 F = Levels seen in this place.
 G = Mean time per level.
                   A        B        C        D        E       F      G
               +--------+--------+--------+--------+--------+-----+--------+
         Total |   6747 |   6747 |      0 |    831 |      0 |   6 | 1124.5 |
       Dungeon |   6209 |   6209 |      0 |    831 |      0 |   5 | 1241.8 |
        Temple |    538 |    538 |      0 |      0 |      0 |   1 |  538.0 |
               +--------+--------+--------+--------+--------+-----+--------+

Top non-repeatable levels by time:
     D:5: 2046 daAuts
     D:4: 1517 daAuts
     D:2: 1029 daAuts
     D:1: 915 daAuts
     D:3: 699 daAuts
  Temple: 538 daAuts
